 Dungeon Crawl Stone Soup version 0.29.1-13-g9f3cf754e1 (webtiles) character file.

Game seed: 9496288771952686469

7555 javelincjr the Destroyer (level 10, 0/74 HPs)
             Began as a Green Draconian Conjurer on Feb 11, 2023.
             Was an Elder of Sif Muna.
             Slain by a yak (8 damage)
             ... on level 10 of the Dungeon.
             The game lasted 00:48:57 (13165 turns).

javelincjr the Destroyer (DrCj)                    Turns: 13165, Time: 00:48:58

Health: 0/74       AC: 13    Str: 12    XL:     10   Next: 96%
Magic:  8/30       EV: 13    Int: 20    God:    Sif Muna [****..]
Gold:   700        SH:  5    Dex: 10    Spells: 12/23 levels left

rFire   + . .      SeeInvis .   F - +3 falchion (freeze)
rCold   + + .      Faith    .   (no shield)
rNeg    . . .      Spirit   .   (body armour unavailable)
rPois   +          Reflect  +   (helmet restricted)
rElec   +          Harm     .   z - +0 cloak
rCorr   +          Rampage  +   h - +2 pair of gloves of Stained Joy {-Tele rC++ MP+9 Slay+2}
Will    .....      NoTele   +   J - +1 pair of boots {rampage}
Stlth   +++.......              R - amulet of reflection
HPRegen 0.22/turn               G - ring "Nyalor" {rElec rC+ rCorr}
MPRegen 0.22/turn               B - ring of fire

@: very slightly contaminated
A: breathe noxious fumes, AC +7, unfitting armour, poison resistance,
cold-blooded, horns 1, frail 1, wild magic 1, noise suppression
a: Breathe Noxious Fumes, Renounce Religion, Channel Magic, Forget Spell, Divine
Exegesis


You were on level 10 of the Dungeon.
You worshipped Sif Muna.
Sif Muna was greatly pleased with you.
You visited 2 branches of the dungeon, and saw 11 of its levels.
You also visited: Bailey.

You collected 700 gold pieces.

Inventory:

Hand Weapons
 f - a +1 spectral short sword
 k - a +0 dagger of protection
 n - a +2 whip of venom
 s - a +3 dagger of venom
 D - a +2 rapier of electrocution
 F - a +3 falchion of freezing (weapon)
 I - a +5 spear
 M - a +4 dagger of chaos
 P - a +5 falchion
Missiles
 t - 6 datura-tipped darts
 v - 3 throwing nets
 w - 5 poisoned darts
 E - 6 atropa-tipped darts
 K - a curare-tipped dart
Armour
 h - the +2 pair of gloves of Stained Joy (worn) {-Tele rC++ MP+9 Slay+2}
   (You acquired it in the Ecumenical Temple)

   Slay:      It affects your accuracy & damage with ranged weapons and melee
   (+2).
   rC:        It greatly protects you from cold.
   MP:        It affects your magic capacity (+9).
   -Tele:     It prevents most forms of teleportation.
 z - a +0 cloak (worn)
 J - a +1 pair of boots of rampaging (worn)
Jewellery
 B - a ring of fire (right hand)
 G - the ring "Nyalor" (left hand) {rElec rC+ rCorr}
   (You found it on level 7 of the Dungeon)

   [ring of resist corrosion]

   rC:        It protects you from cold.
   rElec:     It insulates you from electricity.
   rCorr:     It protects you from acid and corrosion.
 N - a ring of ice
 R - an amulet of reflection (around neck)
 S - an amulet of the acrobat
Wands
 l - a wand of iceblast (10)
 y - a wand of polymorph (13)
 A - a wand of charming (9)
 L - a wand of flame (30)
Scrolls
 c - 3 scrolls of magic mapping
 e - 3 scrolls of fear
 j - 4 scrolls of fog
 m - 3 scrolls of teleportation
 r - a scroll of blinking
 H - a scroll of amnesia
 Q - a scroll of identify
Potions
 b - 4 potions of heal wounds
 d - 9 potions of curing
 g - 2 potions of attraction
 i - 2 potions of flight
 o - a potion of might
 p - 2 potions of lignification
 q - a potion of cancellation {unknown}
 u - 2 potions of mutation
 C - a potion of ambrosia
 O - a potion of haste
Miscellaneous
 x - a phial of floods


   Skills:
 + Level 5.7 Fighting
 + Level 5.1(6.6) Short Blades
 + Level 6.3(7.2) Long Blades
 + Level 5.6 Dodging
 + Level 5.7 Stealth
 + Level 0.7 Shields
 + Level 7.4 Spellcasting
 + Level 8.8 Conjurations
 + Level 0.6 Translocations


You had 12 spell levels left.
You knew the following spells:

 Your Spells              Type           Power      Damage    Failure   Level
a - Magic Dart            Conj           100%       1d8       1%          1
b - Searing Ray           Conj           100%       2d8       1%          2
c - Iskenderun's Mystic   Conj/Tloc      34%        2d8       19%         4
d - Fulminant Prism       Conj/Hex       16%        3d11      21%         4

Your spell library contained the following spells:

 Spells                   Type           Power      Damage    Failure   Level
 Dazzling Flash           Conj/Hex       64%        N/A       7%          3
 Apportation              Tloc           24%        N/A       11%         1
 Sting                    Tmut/Pois      36%        1d4       13%         1
 Blink                    Tloc           24%        N/A       16%         2
 Poisonous Vapours        Pois/Air       18%        N/A       21%         2
 Portal Projectile        Hex/Tloc       22%        N/A       32%         3
 Tukima's Dance           Hex            9%         N/A       34%         3
 Corpse Rot               Necr/Pois/Air  9%         N/A       73%         4
 Dispel Undead            Necr           9%         3d8       73%         4
 Olgreb's Toxic Radiance  Pois           9%         N/A       73%         4
 Manifold Assault         Tloc           12%        N/A       93%         5
 Alistair's Intoxication  Tmut/Pois      6%         N/A       96%         5
 Blade Hands              Tmut           4%         N/A       96%         5
 Death Channel            Necr           4%         N/A       100%        6
 Storm Form               Tmut/Air       4%         N/A       100%        7


Dungeon Overview and Level Annotations

Branches:
Dungeon (10/15)            Temple (1/1) D:4            Lair (0/5) D:9
    Orc (0/2) D:10         Bailey (visited)

Altars:
Ashenzari
Cheibriados
Dithmenos
Elyvilon
Fedhas
Gozag
Hepliaklqana
Kikubaaqudgha
Makhleb
Nemelex Xobeh
Okawaru
Qazlal
Ru
Sif Muna
Trog
Uskayaw
Vehumet
Wu Jian
Xom
Yredelemnul
Zin
The Shining One

Shops:
D:3 :

Portals:
Trove: D:10 (give +7 demon trident)

Annotations:
D:9 2 transporters, Palms's ghost, novice DgTm
D:10 1 transporter, javelincjr's ghost, journeyman DjCj


Innate Abilities, Weirdness & Mutations

You can breathe blasts of noxious fumes.
Your lurid green scales are hard. (AC +7)
You cannot fit into any form of body armour.
Your system is resistant to poisons. (rPois)
You are cold-blooded and may be slowed by cold attacks.
You have a pair of small horns on your head.
You are frail. (-10% HP)
Your spells are a little harder to cast, but a little more powerful.
You passively dampen the noise of your surroundings.


Message History

Press: ? - help, Dir - move target You miscast Fulminant Prism.
You are very lightly contaminated with residual magic.
Nothing appears to happen.
Casting: Fulminant Prism (dangerous; 21% risk of failure)
Confirm with . or Enter, or press ? or * to list all spells.
You miscast Iskenderun's Mystic Blast.
Nothing appears to happen.
Casting: Iskenderun's Mystic Blast (dangerous; 19% risk of failure)
Confirm with . or Enter, or press ? or * to list all spells.
You erupt in a blast of force!
The mystic blast hits the two-headed ogre but does no damage.
The two-headed ogre is moderately wounded.
The mystic blast hits the yak.
The yak is severely wounded.
The yak is knocked back by the mystic blast.
The two-headed ogre barely misses you. The two-headed ogre closely misses you.
Casting: Iskenderun's Mystic Blast (dangerous; 19% risk of failure)
Confirm with . or Enter, or press ? or * to list all spells.
You don't have enough magic to cast this spell.
You hit the two-headed ogre. You freeze the two-headed ogre.
You headbutt the two-headed ogre, but do no damage.
You punch the two-headed ogre, but do no damage.
The two-headed ogre is heavily wounded.
You barely miss the two-headed ogre.
The two-headed ogre is heavily wounded.
The two-headed ogre hits you with a +0 giant club!!
The two-headed ogre closely misses you.
Casting: Iskenderun's Mystic Blast (dangerous; 19% risk of failure)
Confirm with . or Enter, or press ? or * to list all spells.
You miscast Iskenderun's Mystic Blast.
The air around you crackles with energy.
Magic courses through your body.
The two-headed ogre hits you with a +0 giant club!!
* * * LOW HITPOINT WARNING * * *
The two-headed ogre closely misses you. The yak closely misses you.
Casting: Iskenderun's Mystic Blast (dangerous; 19% risk of failure)
Confirm with . or Enter, or press ? or * to list all spells.
You miscast Iskenderun's Mystic Blast.
Nothing appears to happen.
The yak gores you!
You die...

# #.....#.........#
#.##.### #
#.....#[........# #.##.#
# #####.)..<......#
#.##.#
###.........#####.##.###
#.........+....)......
#.........##....#.....
#..[......##.#..######
####.O..####.#........
#..[@#.# #....######
#.#.Y..# ####.......
#.#..### #.......
#####.#...########.......
#................))......
#.#.########.#.###.......
#.#........#.#.# #.......
#.########.#Y#.# #.......
#.#........#.#.# #.......


You could see a two-headed ogre and a yak.

Vanquished Creatures
  Maggie (D:9)
  Psyche (D:9)
  A troll (D:10)
  A wyvern (D:7)
  8 yaks (D:10)
  2 steam dragons
  Eustachio (D:6)
  Edmund (D:6)
  Duvessa (D:6)
  2 water moccasins (D:5)
  5 orc warriors
  A sky beast (D:7)
  2 ice beasts
  4 centaurs
  A phantom (D:6)
  A kobold brigand (D:8)
  5 bullfrogs
  6 scorpions
  24 wights
  Dowan (D:6)
  4 hounds
  4 jellies
  A gnoll bouda (D:5)
  7 orc priests
  4 iguanas
  18 orc wizards
  Natasha (thrice) (D:3)
  8 gnolls
  7 adders
  3 shadow imps
  A white imp (D:7)
  3 ufetubi
  2 worms
  3 dart slugs
  60 orcs
  4 bats
  7 endoplasms
  A giant cockroach (D:3)
  9 goblins
  9 hobgoblins
  4 quokkas
  6 ball pythons
  8 frilled lizards
  12 kobolds
  4 rats
261 creatures vanquished.

Vanquished Creatures (others)
  14 fungi (D:4)
  A plant (D:7)
15 creatures vanquished.

Grand Total: 276 creatures vanquished

Notes
Turn   | Place    | Note
-------+----------+-------------------------------------------
     0 | D:1      | javelincjr the Draconian Conjurer began the quest for the
                  | Orb.
     0 | D:1      | Reached XP level 1. HP: 14/14 MP: 3/3
   314 | D:1      | Reached XP level 2. HP: 20/20 MP: 1/5
  1218 | D:2      | Reached XP level 3. HP: 26/26 MP: 1/6
  1221 | D:2      | Learned a level 2 spell: Searing Ray
  1274 | D:2      | Reached skill level 5 in Conjurations
  1331 | D:2      | Found a faded altar of an unknown god.
  1573 | D:2      | Found an ancient bone altar of Kikubaaqudgha.
  2231 | D:2      | Reached XP level 4. HP: 33/33 MP: 3/7
  2817 | D:3      | Noticed Natasha
  2820 | D:3      | Killed Natasha
  2922 | D:3      | Noticed Natasha
  2927 | D:3      | Killed Natasha
  3147 | D:3      | Found Icwot's Book Shop.
  3334 | D:3      | Noticed Natasha
  3340 | D:3      | Killed Natasha
  3341 | D:3      | Reached XP level 5. HP: 38/38 MP: 3/9
  3671 | D:4      | Found a staircase to the Ecumenical Temple.
  3739 | Temple   | Entered the Ecumenical Temple
  3739 | Temple   | Found a transporter.
  3739 | Temple   | Found a transporter.
  3741 | Temple   | Found a transporter.
  3741 | Temple   | Found a transporter.
  3764 | Temple   | Became a worshipper of Sif Muna the Loreminder
  3791 | Temple   | Identified a scroll of acquirement
  3791 | Temple   | Acquired the +2 pair of gloves of Stained Joy {-Tele rC++
                  | MP+9 Slay+2}
  4179 | D:4      | Reached skill level 1 in Short Blades
  4179 | D:4      | Reached skill level 6 in Conjurations
  4271 | D:4      | Reached XP level 6. HP: 46/46 MP: 11/11
  4784 | D:5      | Entered Level 5 of the Dungeon
  5026 | D:5      | Your scales start taking on a lurid green colour.
  5026 | D:5      | Reached XP level 7. HP: 51/51 MP: 13/13
  5026 | D:5      | Gained mutation: Your system is resistant to poisons.
                  | (rPois) [Green Draconian growth]
  5152 | D:5      | Reached skill level 1 in Fighting
  5233 | D:5      | Reached * piety under Sif Muna
  5314 | D:5      | Found a broken altar of Ashenzari.
  5657 | D:5      | Reached skill level 7 in Conjurations
  5944 | D:5      | Reached XP level 8. HP: 59/59 MP: 15/15
  5968 | D:5      | Reached skill level 5 in Spellcasting
  6612 | D:6      | Noticed Eustachio
  6614 | D:6      | Noticed Dowan
  6615 | D:6      | Noticed Duvessa
  6866 | D:6      | Killed Duvessa
  6887 | D:6      | Killed Dowan
  6887 | D:6      | Reached ** piety under Sif Muna
  7072 | D:6      | Noticed Edmund
  7095 | D:6      | Killed Edmund
  7455 | D:6      | Killed Eustachio
  7785 | D:7      | Reached XP level 9. HP: 68/68 MP: 18/18
  8049 | D:7      | Learned a level 4 spell: Iskenderun's Mystic Blast
  8387 | D:7      | Reached skill level 8 in Conjurations
  8477 | D:7      | Found a sacrificial altar of Ru.
  8614 | D:7      | Identified the ring "Nyalor" {rElec rC+ rCorr}
  8623 | D:7      | Learned a level 4 spell: Fulminant Prism
  8781 | D:7      | Reached skill level 5 in Short Blades
  8969 | D:7      | Reached skill level 1 in Long Blades
  9400 | D:8      | Reached *** piety under Sif Muna
  9510 | D:8      | Found a shimmering altar of Xom.
  9693 | D:8      | Found a flagged portal.
  9711 | Bailey   | Entered a bailey
 10209 | Bailey   | Reached XP level 10. HP: 76/80 MP: 20/20
 10929 | D:9      | Reached skill level 5 in Fighting
 11088 | D:9      | Noticed Palms's ghost (novice DgTm)
 11089 | D:9      | Found a transporter.
 11089 | D:9      | Noticed a deep elf zephyrmancer
 11090 | D:9      | Noticed a white ugly thing
 11095 | D:9      | Found a transporter.
 11111 | D:9      | Noticed Psyche
 11125 | D:9      | Killed Psyche
 11145 | D:9      | Reached **** piety under Sif Muna
 11367 | D:9      | Reached skill level 5 in Long Blades
 11472 | D:9      | Found a staircase to the Lair.
 11513 | D:9      | Noticed an eye of devastation
 11580 | D:9      | Reached skill level 5 in Stealth
 11580 | D:9      | Noticed Maggie
 11597 | D:9      | Killed Maggie
 11598 | D:9      | Reached skill level 5 in Dodging
 11843 | D:10     | Entered Level 10 of the Dungeon
 11955 | D:10     | Found a portal to a secret trove of treasure.
 12551 | D:10     | Gained mutation: You occasionally lose the ability to drink
                  | potions when taking damage. [potion of mutation]
 12551 | D:10     | Gained mutation: Your magical capacity is low. (-10% MP)
                  | [potion of mutation]
 12552 | D:10     | Lost mutation: Your magical capacity is low. (-10% MP)
                  | [potion of mutation]
 12552 | D:10     | Lost mutation: You occasionally lose the ability to drink
                  | potions when taking damage. [potion of mutation]
 12552 | D:10     | Gained mutation: You are frail. (-10% HP) [potion of
                  | mutation]
 12552 | D:10     | Gained mutation: You passively dampen the noise of your
                  | surroundings. [potion of mutation]
 12552 | D:10     | Gained mutation: You have a pair of small horns on your
                  | head. [potion of mutation]
 12552 | D:10     | Gained mutation: Your spells are a little harder to cast,
                  | but a little more powerful. [potion of mutation]
 12773 | D:10     | Found a staircase to the Orcish Mines.
 12885 | D:10     | Found a transporter.
 12889 | D:10     | Noticed javelincjr's ghost (journeyman DjCj)
 12945 | D:10     | Identified the +7 halberd of Vopepp {pain, +Blink rCorr
                  | Str+2}
 12980 | D:10     | Noticed a two-headed ogre
 13165 | D:10     | Slain by a yak

Illustrated notes

Levels and vault maps discovered:
D:1:      eino_arrival_cavern_b, layout_loops_ring
D:2:      layout_loops_corners, basic_altar,
          hellmonk_ecumenical_altar_heavens_door, corexii_shack
D:3:      layout_loops_cross, serial_shops, shop, uniq_natasha
D:4:      layout_loops_ring, minmay_temple_entry_crystal_x, serial_aquarium,
          aquarium_bridge_island_small [aquarium_subvault_small_open,
          aquarium_subvault_balcony, aquarium_subvault_bridge,
          aquarium_subvault_window, aquarium_subvault_wall], aquarium_window_1,
          aquarium_window_2, aquarium_view_2d, aquarium_view_2e,
          aquarium_balcony_double_1, kennysheep_another_room, fountainhead,
          dreamdust_princess_corridor
D:5:      layout_loops_corners, mainiacjoe_overflow_concentric_impassable,
          minmay_joined_circles
D:6:      layout_gridville, uniq_edmund, uniq_eustachio, uniq_duvessa
D:7:      layout_loops_ring, nicolae_ru_the_path_less_chosen,
          grunt_ministairs_5, kennysheep_generic_room_8
D:8:      layout_cave_pods, overflow_temple_1_default, enter_bailey_7
D:9:      layout_basic, lair_entry_dummy, gammafunk_ghost_arena,
          minmay_misc_feat_nine_boxes, uniq_maggie, uniq_psyche
D:10:     layout_basic, orc_0_dummy, gammafunk_ghost_hive,
          nicolae_trove_entry_isolated, minivault_27
Temple:   hellmonk_temple_divided_pantheon

Skill      XL: |  1  2  3  4  5  6  7  8  9 10 |
---------------+-------------------------------+-----
Conjurations   | 5 6 7 8 |  8.8
Stealth        | 2 3 4 5 |  5.7
Spellcasting   | 3 4 6 7 |  7.4
Short Blades   | 1 3 4 5 |  5.1
Dodging        | 2 3 4 5 |  5.6
Fighting       | 1 2 4 5 |  5.7
Long Blades    | 3 6 |  6.3
Shields        | |  0.7
Translocations | |  0.6

Action                   |  1- 3 |  4- 6 |  7- 9 | 10-12 || total
-------------------------+-------+-------+-------+-------++-------
Melee: Unarmed           |     5 |       |       |       ||     5
       Tailslap          |     4 |     6 |    39 |    25 ||    74
       Short sword       |     3 |    21 |    70 |       ||    94
       Dagger            |    10 |    23 |    43 |       ||    76
       Punch             |       |       |     2 |     5 ||     7
       Falchion          |       |       |    90 |   133 ||   223
       Headbutt          |       |       |       |     6 ||     6
 Cast: Magic Dart        |    85 |    91 |   123 |    44 ||   343
       Searing Ray       |       |     1 |    26 |    12 ||    39
       Iskenderun's Myst |       |       |     1 |    12 ||    13
 Abil: Breathe Noxious F |       |       |    19 |    12 ||    31
  Use: Scroll            |       |     8 |     6 |     2 ||    16
       Potion            |       |       |     1 |     4 ||     5
 Stab: Confused          |       |       |     3 |     8 ||    11
       Sleeping          |       |       |     1 |     1 ||     2
Armor: Skin              |     3 |    20 |   102 |    60 ||   185
Dodge: Dodged            |     7 |    20 |   137 |   104 ||   268
Block: Other             |       |       |       |    10 ||    10
